 Dungeon Crawl Stone Soup version 0.31-a0-574-g69dc8cc98e (webtiles) character file.

Game seed: 8952545395031885891

1479 rjrrt the Cleaver (level 8, 0/70 HPs)
             Began as a Minotaur Berserker on Aug 18, 2023.
             Was a Priest of Trog.
             Slain by a shadow (30 damage)
             ... on level 6 of the Dungeon.
             The game lasted 00:08:55 (4740 turns).

rjrrt the Cleaver (Minotaur Berserker)              Turns: 4740, Time: 00:08:56

Health: 0/70       AC: 30    Str: 27    XL:     8   Next: 50%
Magic:  7/7        EV: 11    Int:  4    God:    Trog [***...]
Gold:   378        SH:  0    Dex: 13    Spells: 7/7 levels left

rFire   . . .        a - +0 hand axe
rCold   + . .        (no shield)
rNeg    . . .        o - +18 Lear's hauberk
rPois   .            (helmet currently unavailable)
rElec   .            s - +1 cloak {Stlth+}
rCorr   .            (gloves currently unavailable)
SInv    .            (boots currently unavailable)
Will    .....        (no amulet) Stlth
                     c - +6 ring of strength
HPRegen 0.31/turn    t - ring of protection from cold
MPRegen 0.10/turn

%: no passive effects
@: no status effects
A: horns 2, retaliatory headbutt
a: Renounce Religion, Berserk, Trog's Hand


You were on level 6 of the Dungeon.
You worshipped Trog.
Trog was most pleased with you.
You visited 1 branch of the dungeon, and saw 6 of its levels.

You collected 378 gold pieces.

Inventory:

Hand Weapons
 a - a +0 hand axe (weapon)
 q - a +0 trident
Missiles
 i - 5 silver javelins (quivered)
 z - a boomerang
Armour
 o - the +18 Lear's hauberk (worn)
   (You found it on level 2 of the Dungeon)
 s - a +1 cloak of stealth (worn)
 y - a +0 hat
 C - a +0 pair of gloves
Jewellery
 c - a +6 ring of strength (left hand)
 t - a ring of protection from cold (right hand)
 u - a ring of protection from cold
Wands
 k - a wand of flame (13)
 p - a wand of acid (2)
 v - a wand of mindburst (34)
Scrolls
 d - 2 scrolls of fog {unknown}
 e - 3 scrolls of identify {unknown}
 g - 5 scrolls of teleportation {unknown}
 j - a scroll of noise {unknown}
 m - 3 scrolls of brand weapon {unknown}
 n - a scroll of revelation {unknown}
 r - 3 scrolls of immolation {unknown}
 x - a scroll of fear {unknown}
 A - 2 scrolls of poison {unknown}
 E - a scroll of blinking {unknown}
Potions
 b - a potion of invisibility {unknown}
 f - a potion of haste {unknown}
 h - 2 potions of heal wounds {unknown}
 l - a potion of magic {unknown}
 w - a potion of enlightenment {unknown}
 B - a potion of ambrosia {unknown}
 D - a potion of curing {unknown}


   Skills:
 + Level 6.1 Fighting
 * Level 10.1 Axes
 + Level 5.4 Armour
 + Level 4.9 Dodging


You had 7 spell levels left.
You didn't know any spells.
Your spell library was empty.

Dungeon Overview and Level Annotations

Branches:
Dungeon (6/15)             Temple (0/1) D:4

Altars:
Kikubaaqudgha
Makhleb
Okawaru
Qazlal

Shops:
D:4 [


Innate Abilities, Weirdness & Mutations

You have a pair of horns on your head.
You reflexively headbutt those who attack you in melee.


Message History

The shadow is lightly damaged.
The shadow hits you.
You closely miss the shadow.
You headbutt the shadow, but do no damage.
The shadow is lightly damaged.
The shadow hits you.
You hit the shadow.
The shadow is moderately damaged.
You barely miss the shadow.
The shadow is moderately damaged.
The shadow hits you.
You hit the shadow.
The shadow is moderately damaged.
The shadow hits you.
You barely miss the shadow.
The shadow is moderately damaged.
The shadow hits you.
You hit the shadow but do no damage.
You headbutt the shadow, but do no damage.
The shadow is moderately damaged.
The shadow hits you.
You hit the shadow but do no damage.
The shadow is moderately damaged.
You hit the shadow but do no damage.
The shadow is moderately damaged.
The shadow slips into darkness.
The shadow flickers and vanishes!
Deactivating autopickup; reactivate with Ctrl-A.
You hit something.
The shadow strikes at you from the darkness!
Reactivating autopickup.
You closely miss the shadow.
The shadow is heavily damaged.
The shadow slips into darkness.
The shadow flickers and vanishes!
Deactivating autopickup; reactivate with Ctrl-A.
You are too injured to fight recklessly!
You barely miss something.
The shadow strikes at you from the darkness!
You die...

#<. ##.#...#.. ###
#.[..#...#
#..#...#..
#....#...#
##.....#..
#.####..# #.# ###.
#.##############.#
##
#....[{@..).))...#
##################


There were no monsters in sight!

Vanquished Creatures
  Grinder (D:3)
  An ice beast (D:5)
  A sky beast (D:6)
  A bullfrog (D:6)
  A scorpion (D:6)
  5 wights (D:6)
  A howler monkey (D:3)
  A hound (D:5)
  3 orc priests
  A jelly (D:5)
  Crazy Yiuf (D:2)
  3 iron imps (D:3)
  Natasha (twice) (D:2)
  Terence (D:2)
  5 iguanas
  2 orc wizards
  8 adders
  A shadow imp (D:6)
  A white imp (D:6)
  2 worms (D:3)
  A dart slug (D:2)
  8 orcs
  3 bats (D:1)
  9 endoplasms
  2 giant cockroaches
  3 goblins
  4 hobgoblins
  2 jackals (D:1)
  8 ball pythons
  2 frilled lizards
  6 kobolds
  6 rats
96 creatures vanquished.

Notes
Turn   | Place    | Note
-------+----------+-------------------------------------------
     0 | D:1      | rjrrt the Minotaur Berserker began the quest for the Orb.
     0 | D:1      | Reached XP level 1. HP: 19/19 MP: 0/0
   205 | D:1      | Reached skill level 4 in Axes
   244 | D:1      | Reached XP level 2. HP: 26/26 MP: 1/1
   608 | D:1      | Reached ** piety under Trog
   844 | D:2      | Reached skill level 5 in Axes
   902 | D:2      | Reached XP level 3. HP: 22/31 MP: 2/2
   977 | D:2      | Noticed Terence
   999 | D:2      | Killed Terence
  1008 | D:2      | Noticed Natasha
  1024 | D:2      | Killed Natasha
  1025 | D:2      | Reached skill level 6 in Axes
  1025 | D:2      | Reached XP level 4. HP: 22/39 MP: 3/3
  1253 | D:2      | Found the +18 Lear's hauberk
  1264 | D:2      | Noticed Natasha
  1293 | D:2      | Killed Natasha
  1395 | D:2      | Found a runed translucent door.
  1396 | D:2      | Noticed Crazy Yiuf
  1401 | D:2      | Killed Crazy Yiuf
  1402 | D:2      | Reached skill level 7 in Axes
  1402 | D:2      | Reached XP level 5. HP: 45/45 MP: 4/4
  1957 | D:3      | Found an ancient bone altar of Kikubaaqudgha.
  2403 | D:3      | Noticed Grinder
  2522 | D:3      | Reached XP level 6. HP: 52/52 MP: 5/5
  2532 | D:3      | Killed Grinder
  2533 | D:3      | Reached skill level 8 in Axes
  2564 | D:3      | Found a burning altar of Makhleb.
  2579 | D:3      | Reached XP level 7. HP: 60/60 MP: 6/6
  2991 | D:4      | Reached *** piety under Trog
  3082 | D:4      | Found Cytecw's Antique Armour Shoppe.
  3237 | D:4      | Found a staircase to the Ecumenical Temple.
  3265 | D:4      | Found a stormy altar of Qazlal.
  3267 | D:4      | Noticed a water elemental
  3267 | D:4      | Noticed an air elemental
  3267 | D:4      | Noticed a fire elemental
  3355 | D:5      | Entered Level 5 of the Dungeon
  3744 | D:5      | Reached skill level 5 in Fighting
  3744 | D:5      | Reached skill level 9 in Axes
  4212 | D:6      | Reached XP level 8. HP: 60/69 MP: 7/7
  4529 | D:6      | Reached skill level 5 in Armour
  4550 | D:6      | Found an iron altar of Okawaru.
  4719 | D:6      | Reached skill level 10 in Axes
  4740 | D:6      | Slain by a shadow

Illustrated notes

Levels and vault maps discovered:
D:1:      tarquinn_simple_flora_water_f, layout_loops_ring, minmay_pentomino_o2
D:2:      layout_basic, uniq_natasha, uniq_crazy_yiuf_cottage, uniq_terence
D:3:      layout_basic, demons_altar, nicolae_kikubaaqudgha_miasma_corner,
          uniq_grinder
D:4:      layout_rooms, nicolae_qazlal_style_of_elements, temple_statues,
          serial_shops, nicolae_square_shop
D:5:      layout_basic
D:6:      layout_loops_ring, mainiacjoe_overflow_boulevard, hex_medium,
          chequers_serial_rivers_marsh

Skill      XL: |  1  2  3  4  5  6  7  8 |
---------------+-------------------------+-----
Axes           | 4 5 6 7 8 9 10 | 10.1
Fighting       | 4 5 6 |  6.1
Armour         | 3 4 5 |  5.4
Dodging        | 3 4 |  4.9

Action                     |  1- 3 |  4- 6 |  7- 9 || total
---------------------------+-------+-------+-------++-------
  Melee: Hand axe          |    59 |    78 |   121 ||   258
         Headbutt          |    11 |    17 |    25 ||    53
         Punch             |       |       |     2 ||     2
 Invoke: Berserk           |     1 |     2 |     1 ||     4
 Armour: Animal skin       |     3 |       |       ||     3
         Leather armour    |     8 |       |       ||     8
         Plate armour      |     8 |    11 |       ||    19
         Chain mail        |       |    26 |    54 ||    80
  Dodge: Dodged            |    30 |    34 |    43 ||   107

Table legend: (Time is in decaauts)
 A = Elapsed time spent in this place.
 B = Non-inter-level travel time spent in this place.
 C = Inter-level travel time spent in this place.
 D = Time resting spent in this place.
 E = Time spent auto-exploring this place.
 F = Levels seen in this place.
 G = Mean time per level.
                   A        B        C        D        E       F      G
               +--------+--------+--------+--------+--------+-----+--------+
         Total |   4760 |   4645 |    115 |    296 |   3469 |   6 |  793.3 |
       Dungeon |   4760 |   4645 |    115 |    296 |   3469 |   6 |  793.3 |
               +--------+--------+--------+--------+--------+-----+--------+

Top non-repeatable levels by time:
     D:3: 1137 daAuts
     D:2: 957 daAuts
     D:5: 837 daAuts
     D:1: 796 daAuts
     D:6: 546 daAuts
     D:4: 485 daAuts
